 Dungeon Crawl Stone Soup version 0.29.1-1-gd02db6906a (webtiles) character file.

Game seed: 14761250168414518886

64 safid the Shooter (level 3, 0/31 HPs)
             Began as a Minotaur Hunter on Oct 6, 2022.
             Killed from afar by an orc wizard (10 damage)
             ... with a puff of flame
             ... on level 3 of the Dungeon.
             The game lasted 00:02:29 (1470 turns).

safid the Shooter (Minotaur Hunter)                 Turns: 1470, Time: 00:02:29

Health: 0/31       AC:  4    Str: 15    XL:     3   Next: 91%
Magic:  2/2        EV: 12    Int:  6    God:
Gold:   68         SH:  0    Dex: 15    Spells: 2/2 levels left

rFire   . . .      SeeInvis .   a - +0 shortbow
rCold   . . .      Faith    .   (shield currently unavailable)
rNeg    . . .      Spirit   .   c - +0 leather armour
rPois   .          Reflect  .   (helmet restricted)
rElec   .          Harm     .   g - +0 cloak
rCorr   .          Rampage  .   (no gloves)
Will    .....                   (no boots)
Stlth   +.........              (no amulet)
HPRegen 0.10/turn               (no ring)
MPRegen 0.08/turn               (no ring)

@: confused
A: horns 2, retaliatory headbutt
a: no special abilities


You were on level 3 of the Dungeon.
You visited 1 branch of the dungeon, and saw 3 of its levels.

You collected 118 gold pieces.
You spent 50 gold pieces at shops.

Inventory:

Hand Weapons
 a - a +0 shortbow (weapon)
Missiles
 m - 5 curare-tipped darts
Armour
 c - a +0 leather armour (worn)
 g - a +0 cloak (worn)
Jewellery
 f - a ring of ice
Scrolls
 b - 3 scrolls of immolation
 d - 5 scrolls of identify
 h - 3 scrolls of poison {unknown}
 i - a scroll of fog {unknown}
 l - a scroll of fear {unknown}
Potions
 e - a potion of flight {unknown}
 j - 2 potions of curing
 k - a potion of degeneration {unknown}


   Skills:
 - Level 3.0 Fighting
 + Level 5.9 Ranged Weapons
 - Level 2.1 Dodging
 - Level 0.7 Stealth


You had 2 spell levels left.
You didn't know any spells.
Your spell library contained the following spells:

 Spells                   Type           Power      Damage    Failure   Level
 Foxfire                  Conj/Fire      0%         2x1d4     52%         1
 Fireball                 Conj/Fire      0%         3d3       100%        5
 Summon Mana Viper        Hex/Summ       0%         N/A       100%        5


Dungeon Overview and Level Annotations

Branches:
Dungeon (3/15)

Altars:

Shops:
D:2 *


Innate Abilities, Weirdness & Mutations

You have a pair of horns on your head.
You reflexively headbutt those who attack you in melee.


Message History

You shoot an arrow. The arrow hits the orc!
You kill the orc!
An adder comes into view.
The orc misses you. You furiously retaliate!
You headbutt the orc. You shoot an arrow. The arrow barely misses the orc.
The arrow barely misses the adder.
The orc wizard points at you and mumbles some strange words.
The magic dart hits you. The orc barely misses you.
You shoot an arrow. The arrow barely misses the orc.
The arrow hits the adder!
The adder is almost dead.
The orc wizard casts a spell at you.
You are confused.
The orc hits you with a +0 hand axe.
The orc wizard gestures wildly while chanting.
The orc wizard flickers and vanishes!
Deactivating autopickup; reactivate with Ctrl-A.
The orc closely misses you.
You hear some strange, mumbled words.
A puff of flame appears from out of thin air!
The puff of flame hits you. The orc hits you but does no damage.
In your confused state, you trip and fall back down the stairs.
Something hits you. The orc barely misses you.
You are too injured to fight recklessly!
You are too injured to fight recklessly!
You are too injured to fight recklessly!
You are too injured to fight recklessly!
Non-targeted confused fire: a) +0 shortbow
Press: ? - help, Q - select action, (/) - cycle Dir - look around, f - activate You shoot an arrow.
You hear some strange, mumbled words.
Something tries to affect you, but you resist.
The orc hits you with a +0 hand axe.
Non-targeted confused fire: a) +0 shortbow
Press: ? - help, Q - select action, (/) - cycle Dir - look around, f - activate Look: an orc, wielding a +0 hand axe (almost dead)
You shoot an arrow.
You hear some strange, mumbled words.
A puff of flame appears from out of thin air!
The puff of flame hits you!
You die...

#.#######
#......{#.#
#.....@oS.#
#.##.######
#


You could see an adder and an orc.

Vanquished Creatures
  An adder (D:2)
  A worm (D:2)
  2 orcs (D:3)
  An endoplasm (D:1)
  2 giant cockroaches (D:1)
  4 goblins (D:1)
  3 hobgoblins (D:1)
  6 jackals (D:1)
  3 quokkas (D:1)
  7 ball pythons
  4 bats
  A frilled lizard (D:2)
  7 kobolds
  7 rats
49 creatures vanquished.

Notes
Turn   | Place    | Note
-------+----------+-------------------------------------------
     0 | D:1      | safid the Minotaur Hunter began the quest for the Orb.
     0 | D:1      | Reached XP level 1. HP: 18/18 MP: 0/0
   118 | D:1      | Reached XP level 2. HP: 11/25 MP: 1/1
   490 | D:1      | Reached skill level 5 in Ranged Weapons
   554 | D:1      | Reached XP level 3. HP: 23/31 MP: 2/2
   692 | D:1      | Got Sif Muna's Folio of Fire and Jinxing
  1411 | D:2      | Found Gopn's General Store.
  1419 | D:2      | Bought a potion of curing for 30 gold pieces
  1419 | D:2      | Bought a scroll of identify for 20 gold pieces
  1470 | D:3      | Killed from afar by an orc wizard

Illustrated notes

Levels and vault maps discovered:
D:1:      dpeg_arrival_three_smaller_balls, layout_loops_ring, minivault_23
D:2:      layout_basic, serial_shops, shop
D:3:      minmay_recursive_quarters, layout_basic,
          nicolae_dithmenos_shadow_blocks,
          dreamdust_ecumenical_altar_angels_and_demons

Skill      XL: |  1  2 |
---------------+-------+-----
Fighting       | 3 |  3.0
Ranged Weapons | 5 |  5.9
Dodging        | |  2.1
Stealth        | |  0.7

Action                   || total
-------------------------++-------
 Fire: Shortbow          ||   140
Armor: Leather armour    ||    27
Dodge: Dodged            ||    68
